 Dungeon Crawl Stone Soup version 0.27-a0-124-g19cb506db8 (webtiles) character file.

Game seed: 17100766414736790515

1585150 bmj180 the Heavyweight Champion (level 27, 235/235 HPs)
             Began as a Troll Monk on Jan 24, 2021.
             Was the Champion of Ru.
             Escaped with the Orb
             ... and 3 runes on Jan 25, 2021!
             The game lasted 05:39:48 (87114 turns).

bmj180 the Heavyweight Champion (Troll Monk)       Turns: 87114, Time: 05:39:49

Health: 235/235    AC: 37    Str: 35    XL:     27
Magic:  19/19      EV: 14    Int:  8    God:    Ru [******]
Gold:   6977       SH: 18    Dex: 20    Spells: 26/26 levels left

rFire    + + .     SeeInvis +     - Unarmed
rCold    + . .     Faith    .   A - +2 kite shield {AC+3}
rNeg     + + .     Spirit   .   E - +4 gold dragon scales
rPois    +         Reflect  .   k - +0 mask of the Dragon {Will+ Slay+3 SInv}
rElec    +         Harm     .   T - +4 dragonskin cloak
rCorr    .         Rampage  .   (gloves unavailable)
Will     +++++     Clarity  +   (boots unavailable)
Stlth    ..........             I - amulet of the Four Winds {rN+ Will+++ Clar}
HPRegen  0.89/turn              C - ring of Acveirenk {rF+ rN+ Int+2}
MPRegen  0.16/turn              Z - ring of Wodwihi {Will+ Str+9 Dex-2 Stlth+}

@: no status effects
A: large, unfitting armour, claws 3, hooves 1, horns 1, agile 1, blurry vision
1, frail 1, low mp 1, regeneration 1, shaggy fur 1, tough skin 3, weak 1, no
stealth, hated by all, no air magic, no hexes magic, no translocations magic,
weak-willed 1, disrupted magic 1, unskilled 1
0: Orb of Zot
}: 3/15 runes: decaying, silver, gossamer
a: Renounce Religion, Draw Out Power, Power Leap, Apocalypse


You escaped.
You worshipped Ru.
Ru was exalted by your worship.
You visited 11 branches of the dungeon, and saw 53 of its levels.
You visited the Abyss 1 time.
You also visited: Trove, Bailey and Ice Cave.

You collected 9822 gold pieces.
You spent 2845 gold pieces at shops.

Inventory:

Hand Weapons
 l - a +5 giant spiked club of protection
 W - the +2 Maxwell's thermic engine {flame, freeze}
   (You found it on level 6 of the Lair of Beasts)

   It has been specially enchanted to burn those struck by it, causing extra
   injury to most foes and up to half again as much damage against particularly
   susceptible opponents.
   Big, fiery blades are also staple armaments of hydra-hunters.
   It has been specially enchanted to freeze those struck by it, causing extra
   injury to most foes and up to half again as much damage against particularly
   susceptible opponents.
Missiles
 a - 222 large rocks (quivered)
 f - 16 curare-tipped darts
Armour
 k - the +0 mask of the Dragon (worn) {Will+ Slay+3 SInv}
   (You bought it in a shop on level 2 of the Orcish Mines)

   It affects your accuracy and damage with ranged weapons and melee attacks
   (+3).
   It affects your willpower, your defense against some magical effects.
   It lets you see invisible.
 u - a +2 cloak of willpower
 v - a +0 tower shield of positive energy
 A - a +2 kite shield of protection (worn)
 E - +4 gold dragon scales (worn)
 T - the +4 dragonskin cloak (worn)
   (You took it off Tiamat on level 1 of the Realm of Zot)
 Y - the +2 hat of the Bear Spirit {Spirit, +Rage rN+ Will++}
   (You found it on level 2 of the Lair of Beasts)

   It protects you from negative energy.
   It affects your willpower, your defense against some magical effects.
   It lets you go berserk.
Jewellery
 g - the ring of the Secret Hells {*Contam rF+ rN+ Dex+4 Stlth+}
   (You found it on level 12 of the Dungeon)

   [ring of positive energy]

   It affects your dexterity (+4).
   It protects you from fire.
   It protects you from negative energy.
   It causes magical contamination when unequipped.
   It makes you more stealthy.
 n - an uncursed ring of flight
 x - the ring of Necycox {*Contam rF+ rC+ Will+ Int+2}
   (You acquired it on level 11 of the Dungeon)

   [ring of willpower]

   It affects your intelligence (+2).
   It protects you from fire.
   It protects you from cold.
   It affects your willpower, your defense against some magical effects.
   It causes magical contamination when unequipped.
 y - the ring "Pest" {rN+ AC+4}
   (You found it on level 1 of the Realm of Zot)

   [ring of protection]

   It affects your AC (+4).
   It protects you from negative energy.
 C - the ring of Acveirenk (left claw) {rF+ rN+ Int+2}
   (You found it on level 3 of the Crypt)

   [ring of positive energy]

   It affects your intelligence (+2).
   It protects you from fire.
   It protects you from negative energy.
 I - the amulet of the Four Winds (around neck) {rN+ Will+++ Clar}
   (You took it off a deep elf annihilator on level 3 of the Elven Halls)

   [amulet of nothing]

   It protects you from negative energy.
   It affects your willpower, your defense against some magical effects.
   It protects you against confusion.
 L - the ring "Xesacw" {*Slow rElec rC++ rN+ Str-2}
   (You took it off a vault sentinel on level 5 of the Vaults)

   [ring of positive energy]

   It affects your strength (-2).
   It greatly protects you from cold.
   It insulates you from electricity.
   It protects you from negative energy.
   It may slow you when you take damage.
 Z - the ring of Wodwihi (right claw) {Will+ Str+9 Dex-2 Stlth+}
   (You found it in a treasure trove)

   [ring of willpower]

   It affects your strength (+9).
   It affects your dexterity (-2).
   It affects your willpower, your defense against some magical effects.
   It makes you more stealthy.
Wands
 d - a wand of polymorph (21)
 t - a wand of mindburst (11)
 D - a wand of iceblast (43)
 G - a wand of flame (141)
 J - a wand of digging (12)
 M - a wand of paralysis (37)
 Q - a wand of acid (69)
Scrolls
 b - 31 scrolls of remove curse
 c - 35 scrolls of identify
 e - 15 scrolls of fear
 i - 10 scrolls of teleportation
 r - 2 scrolls of holy word
 w - 15 scrolls of magic mapping
 H - 11 scrolls of fog
 N - 7 scrolls of blinking
 O - 2 scrolls of silence
Potions
 j - 4 potions of berserk rage
 m - 23 potions of curing
 p - 4 potions of cancellation
 q - 6 potions of flight
 s - a potion of invisibility
 z - 12 potions of haste
 F - 7 potions of ambrosia
 K - 3 potions of might
 S - 14 potions of heal wounds
Miscellaneous
 h - a tin of tremorstones (2/2)
 o - a condenser vane
 B - a phantom mirror
 R - a phial of floods
 X - a lightning rod (4/4)


   Skills:
 * Level 13.6 Fighting
 + Level 2.4 Long Blades
 + Level 1.3(7.2) Axes
 + Level 11.9(12.0) Maces & Flails
 + Level 5.4 Throwing
 * Level 16.7 Armour
 * Level 13.8 Dodging
 + Level 17.2 Shields
 O Level 27 Unarmed Combat
 + Level 9.0 Evocations


You had 26 spell levels left.
You didn't know any spells.
Your spell library contained the following spells:

 Spells                   Type           Power        Failure   Level
 Beastly Appendage        Tmut           0%           99%         1
 Foxfire                  Conj/Fire      0%           99%         1
 Freeze                   Ice            0%           99%         1
 Magic Dart               Conj           0%           99%         1
 Pain                     Necr           0%           99%         1
 Sting                    Tmut/Pois      0%           99%         1
 Passwall                 Tmut/Erth      0%           100%        2
 Searing Ray              Conj           0%           100%        2
 Sublimation of Blood     Necr           0%           100%        2
 Wereblood                Tmut           0%           100%        2
 Conjure Flame            Conj/Fire      0%           100%        3
 Frozen Ramparts          Ice            0%           100%        3
 Ignite Poison            Fire/Tmut/Pois 0%           100%        3
 Ozocubu's Armour         Ice            0%           100%        3
 Spider Form              Tmut/Pois      0%           100%        3
 Vampiric Draining        Necr           0%           100%        3
 Dispel Undead            Necr           0%           100%        4
 Hailstorm                Conj/Ice       0%           100%        4
 Ice Form                 Ice/Tmut       0%           100%        4
 Olgreb's Toxic Radiance  Pois           0%           100%        4
 Petrify                  Tmut/Erth      0%           100%        4
 Sticky Flame             Conj/Fire      0%           100%        4
 Agony                    Necr           0%           100%        5
 Alistair's Intoxication  Tmut/Pois      0%           100%        5
 Blade Hands              Tmut           0%           100%        5
 Bolt of Magma            Conj/Fire/Erth 0%           100%        5
 Excruciating Wounds      Necr           0%           100%        5
 Fireball                 Conj/Fire      0%           100%        5
 Irradiate                Conj/Tmut      0%           100%        5
 Lee's Rapid Deconstruct  Erth           0%           100%        5
 Eringya's Noxious Bog    Tmut/Pois      0%           100%        6
 Ozocubu's Refrigeration  Ice            0%           100%        6
 Dragon Form              Tmut           0%           100%        7
 Ignition                 Fire           0%           100%        8
 Shatter                  Erth           0%           100%        9
 Animate Skeleton         Necr           Unusable     N/A         1
 Apportation              Tloc           Unusable     N/A         1
 Corona                   Hex            Unusable     N/A         1
 Shock                    Conj/Air       Unusable     N/A         1
 Summon Small Mammal      Summ           Unusable     N/A         1
 Blink                    Tloc           Unusable     N/A         2
 Call Imp                 Summ           Unusable     N/A         2
 Corpse Rot               Necr/Air       Unusable     N/A         2
 Poisonous Vapours        Pois/Air       Unusable     N/A         2
 Slow                     Hex            Unusable     N/A         2
 Swiftness                Air            Unusable     N/A         2
 Confusing Touch          Hex            Unusable     N/A         3
 Dazzling Flash           Conj/Hex       Unusable     N/A         3
 Gell's Gravitas          Tloc           Unusable     N/A         3
 Inner Flame              Hex/Fire       Unusable     N/A         3
 Lesser Beckoning         Tloc           Unusable     N/A         3
 Mephitic Cloud           Conj/Pois/Air  Unusable     N/A         3
 Static Discharge         Conj/Air       Unusable     N/A         3
 Teleport Other           Tloc           Unusable     N/A         3
 Tukima's Dance           Hex            Unusable     N/A         3
 Animate Dead             Necr           Unusable     N/A         4
 Cause Fear               Hex            Unusable     N/A         4
 Fulminant Prism          Conj/Hex       Unusable     N/A         4
 Iskenderun's Mystic Bla  Conj/Tloc      Unusable     N/A         4
 Passage of Golubria      Tloc           Unusable     N/A         4
 Summon Ice Beast         Ice/Summ       Unusable     N/A         4
 Summon Lightning Spire   Summ/Air       Unusable     N/A         4
 Lightning Bolt           Conj/Air       Unusable     N/A         5
 Metabolic Englaciation   Hex/Ice        Unusable     N/A         5
 Silence                  Hex/Air        Unusable     N/A         5
 Summon Forest            Summ/Tloc      Unusable     N/A         5
 Summon Mana Viper        Hex/Summ       Unusable     N/A         5
 Yara's Violent Unravell  Hex/Tmut       Unusable     N/A         5
 Conjure Ball Lightning   Conj/Air       Unusable     N/A         6
 Freezing Cloud           Conj/Ice/Air   Unusable     N/A         6
 Invisibility             Hex            Unusable     N/A         6
 Shadow Creatures         Summ           Unusable     N/A         6
 Simulacrum               Ice/Necr       Unusable     N/A         6
 Summon Hydra             Summ           Unusable     N/A         7
 Discord                  Hex            Unusable     N/A         8
 Dragon's Call            Summ           Unusable     N/A         9
 Tornado                  Air            Unusable     N/A         9

Dungeon Overview and Level Annotations

Branches:
Dungeon (15/15)            Temple (1/1) D:4            Lair (6/6) D:10
  Swamp (4/4) Lair:2       Spider (4/4) Lair:3        Slime (0/5) Lair:6
    Orc (2/2) D:11            Elf (3/3) Orc:2        Vaults (5/5) D:13
  Crypt (3/3) Vaults:2       Tomb (0/3) Crypt:3      Depths (5/5) D:15
    Zot (5/5) Depths:5     Bailey (visited)           IceCv (visited)

Altars:
Ashenzari
Cheibriados
Dithmenos
Elyvilon
Fedhas
Gozag
Hepliaklqana
Kikubaaqudgha
Makhleb
Nemelex Xobeh
Okawaru
Qazlal
Ru
Sif Muna
Trog
Uskayaw
Vehumet
Wu Jian
Xom
Yredelemnul
Zin
The Shining One
Beogh
Jiyva

Shops:
D:6 (   Orc:2 !?[:   Elf:2 [   Vaults:1 }

Portals:
Hell: Depths:1 Depths:2 Depths:3 Depths:4 Depths:5
Abyss: Depths:1 Depths:4 Depths:5
Pandemonium: Depths:3
Ziggurat: Depths:1


Innate Abilities, Weirdness & Mutations

You are too large for most types of armour.
You have claws for hands.
Your magical capacity is low. (-10% MP)
Your natural rate of healing is unusually fast.
You are covered in fur. (AC +1)
You have extremely tough skin. (AC +3)
You cannot be stealthy.
You are hated by all.
You cannot study or cast Air magic.
You cannot study or cast Hexes magic.
You cannot study or cast Translocations magic.
You are slightly weak-willed. (Will-)
Your casting is slightly disrupted.
You are somewhat unskilled. (-1 Apt)
You have large cloven feet.
You have a pair of small horns on your head.
You are agile. (Dex +2)
Scrolls take you a little longer to read.
You are frail. (-10% HP)
You are weak. (Str -2)


Message History

You block the Executioner's attack.
Zuohatunn gestures.
The Executioner hits you but does no damage.
The Executioner barely misses you. x2
You climb upwards.
There is a stone staircase leading down here.
Evoke which item? (* to show all) (? for menu, Esc to quit)
Aiming: Dig
Press: ? - help, Shift-Dir - straight line This square is covered in magical glow.
The rock shatters into small pieces.
There is a stone staircase leading up here.
You climb upwards.
There is a stone staircase leading down here.
There is a stone staircase leading up here.
You climb upwards.
There is a stone staircase leading down here.
Unknown command.
There is a staircase leading out of the dungeon here.
You have escaped!

....#.รท.....................#....
....#.#..###.##.#..#.###..#.#....
#...#.##.#...##.#.###..#.##.#....
....#..#........#........#..#....
.#..##...######.#.######...##...#
##...##...## #...# ##...###....
##....##...## ##### ##...###.....
##.....##...###...###...## #....#
.#......##...#..@..#...## #....#
...).....##...........## #....#
#.##.#######....#...### ####.#
#....################ #.#
#.#.##..........# #..
..#.##.########## ##. ###....# ##
#)#### #.#


There were no monsters in sight!

Vanquished Creatures
  Tiamat (Zot:1)
  The ghost of Kafrud the Wrestler, a legendary TrBe of Trog (Zot:3)
  5 ancient liches
  3 orbs of fire
  2 juggernauts
  Mara (Crypt:3)
  A pandemonium lord (D:14)
  8 Killer Klowns (Zot:5)
  Xtahua (Vaults:3)
  Bai Suzhen (Swamp:3)
  2 curse toes (Zot:1)
  Margery (Depths:4)
  The ghost of Waobruonn the Brawler, a veteran TrDe of Ru (Depths:3)
  Nikola (Spider:4)
  7 golden dragons
  A profane servitor (Depths:5)
  2 bone dragons (Depths:5)
  Arachne (Spider:4)
  3 electric golems
  An iron giant (Depths:3)
  The ghost of Ifebehot the Dwarven Aeon, an adept DDFi of Cheibriados (Depths:3)
  7 liches
  3 Hell Sentinels
  14 tentacled monstrosities
  2 Ice Fiends
  Jorgrun (Spider:3)
  25 Orb Guardians
  The ghost of Aptu the Tortoise, an adept GrFi of Makhleb (Crypt:2)
  7 titans (Vaults:5)
  6 quicksilver dragons
  A deep elf master archer (Elf:3)
  An Executioner (D:14)
  5 sphinxes
  An ancient champion (Crypt:3)
  7 death cobs
  13 storm dragons
  Kirke (D:14)
  10 shadow dragons
  Agnes (D:14)
  4 tengu reavers
  11 draconian monks
  3 revenants
  5 deep elf sorcerers
  A fenstrider witch (Swamp:2)
  4 draconian knights
  A balrug (Depths:4)
  A daeva (D:14)
  7 ghost moths
  3 fire giants
  16 frost giants
  12 draconian scorchers
  17 vault wardens
  3 curse skulls
  4 ghouls (Crypt:2)
  4 draconian shifters
  Aizul (Depths:3)
  3 iron dragons
  5 deep elf elementalists
  6 emperor scorpions
  2 draconian stormcallers
  The ghost of Raitaz the Bludgeoner, a journeyman MiBe of Trog (Depths:3)
  2 reapers (Crypt:2)
  11 draconian annihilators
  7 ironheart preservers
  A war gargoyle (Vaults:5)
  24 very ugly things
  A spriggan defender (Depths:2)
  29 stone giants
  A caustic shrike skeleton (Depths:4)
  17 green draconians
  A stone giant (shapeshifter) (Vaults:3)
  A spectral titan (Crypt:3)
  A vampire knight (Depths:2)
  5 bunyips
  21 white draconians
  5 entropy weavers
  12 deep elf demonologists
  14 black draconians
  2 lorocyprocas
  7 deep elf annihilators
  14 purple draconians
  16 red draconians
  19 yellow draconians
  12 ettins
  12 spark wasps
  5 eleionomae
  2 green deaths
  10 deep elf death magi
  A crystal guardian (Vaults:4)
  18 fire dragons
  Snorg (D:13)
  Josephine (D:13)
  3 jiangshi
  2 eidola (Crypt:3)
  22 yaktaur captains
  19 ogre magi
  Erolcha (D:13)
  29 vault guards
  8 deep elf high priests
  9 great orbs of eyes
  15 hydras
  6 rakshasas
  13 centaur warriors
  5 spriggan air magi
  12 boulder beetles
  A merfolk avatar (Lair:6)
  14 ice dragons
  A two-headed ogre (shapeshifter) (Vaults:5)
  2 catoblepae (Lair:6)
  3 death knights
  12 deep troll shamans
  7 deep troll earth magi
  6 alligators
  A queen ant (Spider:1)
  32 dancing weapons
  5 vampire magi
  A spectral storm dragon (Crypt:3)
  A death yak (IceCv)
  A spriggan berserker (Depths:5)
  56 two-headed ogres
  19 deep elf knights
  4 hell knights
  2 sun demons (Depths:4)
  4 tengu warriors
  Sonja (D:13)
  Nergalle (D:11)
  11 iron trolls
  16 shadow wraiths
  A soul eater (Crypt:2)
  3 spriggans
  3 fire crabs (shapeshifter)
  13 skeletal warriors
  A salamander mystic (Depths:4)
  10 flayed ghosts
  An unseen horror (shapeshifter) (D:15)
  32 deep trolls
  2 sea snakes (Lair:6)
  4 small abominations
  4 unseen horrors
  2 goliath frogs
  A torturous demonspawn (Depths:2)
  A swamp dragon (shapeshifter) (Vaults:5)
  6 swamp dragons
  9 glowing orange brains
  2 spriggan druids
  3 lindwurms (Swamp:4)
  5 bog bodies
  Pikel (D:4)
  15 deep elf archers
  2 shadow dragon zombies
  An anaconda skeleton (Crypt:1)
  24 phantasmal warriors
  8 wizards
  A harpy (Vaults:3)
  A harpy (shapeshifter) (Vaults:5)
  4 necromancers
  19 ironbrand convokers
  46 ugly things
  12 orc knights
  A spectral ettin (Crypt:3)
  18 orb spiders
  51 deep elf magi
  A golden dragon skeleton (Depths:4)
  A frost giant zombie (Crypt:3)
  A tengu skeleton (Depths:4)
  7 manticores
  22 wolf spiders
  A stone giant zombie (Depths:2)
  3 will-o-the-wisps
  A moth of wrath (shapeshifter) (Depths:2)
  3 orc sorcerers
  11 elephants (Lair:6)
  An iron dragon skeleton (Depths:4)
  3 salamanders (Depths:4)
  15 cyclopes
  31 moths of wrath
  A salamander (shapeshifter) (Depths:2)
  A rust devil (Depths:3)
  5 black mambas
  2 ice statues
  A water nymph (shapeshifter) (Vaults:4)
  13 vault sentinels
  14 cane toads
  A death yak zombie (Crypt:3)
  A gargoyle (D:15)
  An alligator snapping turtle skeleton (Crypt:1)
  Joseph (D:7)
  A black draconian zombie (Crypt:3)
  An orange demon (Depths:3)
  A yellow draconian zombie (Crypt:3)
  A torpor snail (Spider:4)
  13 freezing wraiths
  A kobold demonologist (D:15)
  16 demonic crawlers
  6 rime drakes
  A spriggan skeleton (Depths:4)
  A tormentor (Depths:2)
  A rime drake (shapeshifter) (Vaults:1)
  11 komodo dragons
  67 yaktaurs
  6 tengu conjurers
  15 trolls
  2 hellwings
  A queen bee (Spider:3)
  A red devil (Depths:2)
  6 tyrant leeches
  A troll (shapeshifter) (Vaults:1)
  A grey draconian skeleton (Crypt:3)
  22 jumping spiders
  A queen bee (shapeshifter) (Vaults:3)
  3 polar bears (shapeshifter)
  A jumping spider (shapeshifter) (Depths:2)
  An ettin zombie (Depths:2)
  6 meliai
  A moth of wrath zombie (Crypt:2)
  A wind drake (Lair:6)
  18 hornets
  19 polar bears
  35 slime creatures
  Prince Ribbit (Lair:1)
  A raiju (shapeshifter) (Depths:4)
  14 blink frogs
  A death drake skeleton (Crypt:2)
  A harpy skeleton (Crypt:3)
  An iron dragon simulacrum (Crypt:1)
  A spectral black mamba (Crypt:3)
  A meliai zombie (D:13)
  An alligator skeleton (Crypt:2)
  2 vampires
  9 shadows (Crypt:3)
  9 wyverns
  61 redbacks
  31 tarantellas
  A ynoxinul (D:12)
  7 water elementals
  9 flying skulls (Crypt:3)
  4 air elementals
  15 wraiths
  3 fire bats (Abyss:3)
  A tarantella (shapeshifter) (Vaults:5)
  4 fire elementals
  2 basilisks
  A fire bat (shapeshifter) (Depths:2)
  52 yaks
  Grum (D:9)
  A basilisk (shapeshifter) (Depths:4)
  A yak (shapeshifter) (Vaults:1)
  A hog (shapeshifter) (Depths:5)
  3 humans (D:14)
  8 vampire mosquitoes
  6 steam dragons (Swamp:4)
  3 hogs (D:14)
  A neqoxec (Abyss:3)
  A spectral cane toad (Crypt:3)
  13 swamp worms
  7 acid dragons
  13 water moccasins
  A soldier ant (Spider:1)
  4 wargs
  2 floating eyes (Depths:2)
  A monstrous demonspawn skeleton (Crypt:2)
  A merfolk skeleton (Crypt:3)
  An ice dragon simulacrum (Crypt:1)
  An infernal demonspawn skeleton (Crypt:2)
  32 orc warriors
  A torturous demonspawn skeleton (Crypt:2)
  6 ice beasts
  2 black bears (shapeshifter)
  4 swamp drakes (Swamp:4)
  6 sky beasts
  4 necrophages
  A spriggan simulacrum (Depths:2)
  2 black bears
  2 eyes of draining (D:15)
  A hornet zombie (D:8)
  An elephant zombie (Crypt:1)
  2 phantoms
  25 wolves
  15 centaurs
  53 ogres
  An elephant skeleton (Crypt:1)
  An octopode zombie (Crypt:3)
  4 big kobolds
  18 bullfrogs
  An earth elemental (Elf:1)
  An elf skeleton (D:9)
  A komodo dragon skeleton (Crypt:2)
  A wyvern zombie (D:7)
  A water moccasin zombie (Crypt:1)
  3 wyvern skeletons
  A scorpion (D:12)
  A human simulacrum (Vaults:3)
  28 killer bees
  19 wights
  10 howler monkeys
  7 electric eels
  A troll skeleton (Crypt:1)
  5 centaur zombies
  A crimson imp (Depths:3)
  3 bullfrog zombies
  4 human zombies (D:9)
  A soldier ant zombie (Crypt:1)
  3 centaur skeletons
  16 human skeletons
  16 orc priests
  4 hounds
  2 iron imps
  3 jellies
  4 bullfrog skeletons
  24 orc wizards
  9 hell rats (Lair:3)
  An iguana (D:14)
  18 worker ants
  A killer bee zombie (D:6)
  A centaur simulacrum (D:12)
  A demigod skeleton (Crypt:2)
  A naga skeleton (Crypt:2)
  A mummy (D:9)
  A howler monkey skeleton (D:10)
  A worker ant zombie (D:6)
  11 adders
  A shadow imp (Depths:3)
  4 white imps
  4 ufetubi
  An adder skeleton (D:7)
  An adder zombie (D:5)
  A worm (D:4)
  3 dart slugs
  5 leopard geckos
  98 orcs
  6 bats
  6 giant cockroaches
  9 goblins
  10 hobgoblins
  13 jackals
  5 quokkas
  2 ball pythons (D:3)
  4 frilled lizards
  A hobgoblin skeleton (Crypt:1)
  A jackal skeleton (D:5)
  38 kobolds
  A leopard gecko zombie (D:8)
  An orc zombie (Crypt:1)
  A quokka zombie (D:5)
  5 rats
  A rat zombie (Crypt:2)
  4 crawling corpses
2511 creatures vanquished.

Vanquished Creatures (others)
  Mennas (Vaults:3)
  A curse toe (Zot:4)
  2 Orb Guardians
  A deep elf blademaster (Elf:3)
  A death cob (Zot:4)
  A fire giant (Vaults:4)
  A draconian knight (Zot:5)
  A stone giant (Vaults:1)
  A very ugly thing (Vaults:5)
  An ironheart preserver (Vaults:5)
  A green draconian (Zot:1)
  A purple draconian (Zot:3)
  A bunyip (Swamp:3)
  A spark wasp (Spider:3)
  A red draconian (Zot:1)
  2 ettins
  An ice dragon (Depths:2)
  A hydra (Swamp:4)
  A two-headed ogre (Vaults:2)
  3 deep elf knights
  A hell knight (Depths:4)
  A skeletal warrior (Depths:5)
  An unseen horror (Vaults:1)
  An orc knight (Bailey)
  2 orb spiders
  A cyclops (Orc:2)
  A smoke demon (Zot:4)
  A gargoyle (D:12)
  A yaktaur (Vaults:3)
  A komodo dragon (Lair:6)
  A demonic crawler (Spider:2)
  A hornet (Spider:1)
  A bloated husk (Swamp:2)
  2 jumping spiders (Spider:4)
  A wraith (D:13)
  A yak (Lair:2)
  A tarantella (Spider:3)
  A vampire mosquito (D:12)
  A swamp worm (Swamp:1)
  3 swamp drakes (Swamp:4)
  2 ogres
  An orc wizard (Orc:2)
  An iron imp (Depths:3)
  3 orcs
  10 foxfires
  40 fungi
  126 plants
231 creatures vanquished.

Grand Total: 2742 creatures vanquished

Notes
Turn   | Place    | Note
-------+----------+-------------------------------------------
     0 | D:1      | bmj180 the Troll Monk began the quest for the Orb.
     0 | D:1      | Reached XP level 1. HP: 22/22 MP: 0/0
    49 | D:1      | Reached XP level 2. HP: 29/29 MP: 1/1
   414 | D:1      | Reached XP level 3. HP: 36/36 MP: 2/2
   867 | D:2      | Found an ancient bone altar of Kikubaaqudgha.
  1198 | D:2      | Found a sparkling altar of Nemelex Xobeh.
  1416 | D:3      | Reached skill level 4 in Unarmed Combat
  1416 | D:3      | Reached XP level 4. HP: 44/44 MP: 3/3
  1652 | D:3      | Reached XP level 5. HP: 49/52 MP: 4/4
  1671 | D:3      | Reached skill level 1 in Armour
  1867 | D:3      | Found a shimmering altar of Xom.
  1869 | D:3      | Found a shadowy altar of Dithmenos.
  1869 | D:3      | Found an iron altar of Okawaru.
  1871 | D:3      | Found a sacrificial altar of Ru.
  1871 | D:3      | Found a glowing golden altar of the Shining One.
  1871 | D:3      | Found a shimmering altar of Xom.
  2057 | D:4      | Reached skill level 5 in Unarmed Combat
  2117 | D:4      | Found a shimmering blue altar of Sif Muna.
  2134 | D:4      | Found a glowing golden altar of the Shining One.
  2323 | D:4      | Found a staircase to the Ecumenical Temple.
  2329 | Temple   | Entered the Ecumenical Temple
  2427 | Temple   | Became a worshipper of Ru the Awakened
  2431 | Temple   | Gained mutation: You cannot be stealthy. [Ru sacrifice]
  2607 | D:4      | Noticed a lemure
  2607 | D:4      | Noticed a lemure
  2607 | D:4      | Noticed a lemure
  2607 | D:4      | Noticed Pikel
  2608 | D:4      | Noticed a lemure
  2637 | D:4      | Killed Pikel
  2638 | D:4      | Reached skill level 1 in Shields
  2638 | D:4      | Reached skill level 6 in Unarmed Combat
  2638 | D:4      | Reached XP level 6. HP: 34/61 MP: 5/5
  2638 | D:4      | Reached XP level 7. HP: 38/67 MP: 6/6
  2750 | D:4      | Reached skill level 7 in Unarmed Combat
  2967 | D:5      | Entered Level 5 of the Dungeon
  3273 | D:5      | Reached XP level 8. HP: 69/75 MP: 7/7
  3331 | D:5      | Found a hide-covered altar of Uskayaw.
  3334 | D:5      | Noticed a +0 dagger
  3334 | D:5      | Noticed a +0 hand axe
  3585 | D:6      | Reached skill level 8 in Unarmed Combat
  3942 | D:6      | Gained mutation: You are hated by all. [Ru sacrifice]
  3942 | D:6      | Reached * piety under Ru
  3942 | D:6      | Reached ** piety under Ru
  4042 | D:6      | Reached skill level 9 in Unarmed Combat
  4089 | D:6      | Found a sparkling altar of Nemelex Xobeh.
  4098 | D:6      | Found Siagieky's Weapon Shop.
  4205 | D:6      | Reached XP level 9. HP: 84/84 MP: 8/8
  4650 | D:7      | Found a burning altar of Makhleb.
  4701 | D:7      | Noticed Joseph
  4711 | D:7      | Killed Joseph
  4903 | D:7      | Reached skill level 5 in Dodging
  4903 | D:7      | Reached skill level 10 in Unarmed Combat
  5135 | D:7      | Reached skill level 1 in Evocations
  6218 | D:8      | Noticed a two-headed ogre
  6227 | D:8      | Killed a two-headed ogre
  6228 | D:8      | Reached skill level 11 in Unarmed Combat
  6228 | D:8      | Reached XP level 10. HP: 69/94 MP: 9/9
  6585 | D:8      | Gained mutation: You cannot study or cast Air magic. [Ru
                  | sacrifice]
  6585 | D:8      | Gained mutation: You cannot study or cast Hexes magic. [Ru
                  | sacrifice]
  6585 | D:8      | Gained mutation: You cannot study or cast Translocations
                  | magic. [Ru sacrifice]
  6585 | D:8      | Reached *** piety under Ru
  6718 | D:8      | Found a shimmering altar of Xom.
  7102 | D:9      | Found a flagged portal.
  7117 | Bailey   | Entered a bailey
  7183 | Bailey   | Noticed an orc knight
  7366 | Bailey   | Killed an orc knight
  7423 | Bailey   | Noticed an orc knight
  7642 | Bailey   | Noticed an orc knight
  7658 | Bailey   | Killed an orc knight
  7659 | Bailey   | Reached skill level 12 in Unarmed Combat
  8072 | D:9      | Noticed Grum
  8096 | D:9      | Killed Grum
  8277 | D:9      | Reached skill level 5 in Fighting
  8299 | D:9      | Reached XP level 11. HP: 83/102 MP: 10/10
  8350 | D:9      | Found a basalt altar of Yredelemnul.
  8401 | D:10     | Entered Level 10 of the Dungeon
  8790 | D:10     | Noticed a two-headed ogre
  8797 | D:10     | Killed a two-headed ogre
  8897 | D:10     | Reached skill level 13 in Unarmed Combat
  9333 | D:10     | Found a staircase to the Lair.
  9391 | D:10     | Found a roughly hewn altar of Beogh.
  9488 | D:11     | Noticed a two-headed ogre
  9490 | D:11     | Noticed a cyan ugly thing
  9527 | D:10     | Killed a cyan ugly thing
  9528 | D:10     | Reached skill level 1 in Maces & Flails
  9684 | D:11     | Noticed a two-headed ogre
  9701 | D:10     | Killed a two-headed ogre
  9801 | D:10     | Killed a two-headed ogre
  9894 | D:11     | Noticed a boulder beetle
 10186 | D:10     | Killed a boulder beetle
 10391 | D:11     | Found a staircase to the Orcish Mines.
 10422 | D:10     | Reached XP level 12. HP: 86/111 MP: 11/11
 10514 | D:11     | Noticed Nergalle
 10528 | D:11     | Killed Nergalle
 10529 | D:11     | Reached skill level 14 in Unarmed Combat
 10861 | D:12     | Found a runed translucent door.
 10861 | D:12     | Noticed a boulder beetle
 10862 | D:12     | Noticed a death knight
 10865 | D:12     | Noticed an ettin
 10869 | D:12     | Noticed a centaur warrior
 11035 | D:12     | Noticed a two-headed ogre
 11037 | D:12     | Noticed an eight-headed hydra
 11573 | D:12     | Killed a two-headed ogre
 11574 | D:12     | Reached skill level 5 in Armour
 11919 | D:12     | Noticed a centaur warrior
 12000 | D:12     | Killed a centaur warrior
 12001 | D:12     | Reached skill level 1 in Throwing
 12001 | D:12     | Reached skill level 5 in Shields
 12060 | D:12     | Killed a six-headed hydra
 12404 | Lair:1   | Entered Level 1 of the Lair of Beasts
 13060 | Lair:1   | Noticed a four-headed hydra
 13061 | Lair:1   | Noticed Prince Ribbit
 13100 | Lair:1   | Killed a one-headed hydra
 13101 | Lair:1   | Reached skill level 1 in Axes
 13114 | Lair:1   | Killed Prince Ribbit
 13478 | Lair:1   | Got a crystal falchion
 13479 | Lair:1   | Identified the +11 falchion "Voelun" {venom, rF+} (You
                  | found it on level 1 of the Lair of Beasts)
 13636 | Lair:2   | Noticed a boulder beetle
 13662 | Lair:2   | Killed a boulder beetle
 13669 | Lair:2   | Reached skill level 15 in Unarmed Combat
 13864 | Lair:2   | Reached XP level 13. HP: 57/120 MP: 12/12
 13893 | Lair:2   | Found a staircase to the Swamp.
 14426 | Lair:2   | Found the +2 hat of the Bear Spirit {Spirit, +Rage rN+
                  | Will++}
 14983 | Lair:3   | Got a fabulously ornate robe
 15167 | Lair:3   | Found a hole to the Spider Nest.
 15374 | Lair:3   | Identified the +5 robe "Izeugog" {rCorr Stlth+} (You found
                  | it on level 3 of the Lair of Beasts)
 17246 | Lair:6   | Entered Level 6 of the Lair of Beasts
 17511 | Lair:6   | Reached skill level 16 in Unarmed Combat
 17791 | Lair:6   | Reached XP level 14. HP: 131/131 MP: 13/13
 18295 | Lair:6   | Found the +2 Maxwell's thermic engine {flame, freeze}
 18310 | Lair:6   | Got a transparent steel ring
 18603 | Lair:6   | Found a viscous altar of Jiyva.
 18603 | Lair:6   | Found a staircase to the Slime Pits.
 18868 | D:11     | Identified the ring "Plog" {rF+ MP+9 Stlth-} (You found it
                  | on level 6 of the Lair of Beasts)
 18931 | Orc:1    | Entered Level 1 of the Orcish Mines
 19013 | Orc:1    | Gained mutation: You are slightly weak-willed. (Will-) [Ru
                  | sacrifice]
 19013 | Orc:1    | Reached **** piety under Ru
 19220 | Orc:2    | Entered Level 2 of the Orcish Mines
 19345 | Orc:2    | Found a roughly hewn altar of Beogh.
 19414 | Orc:2    | Found Oshuraod's Antique Armour Shoppe.
 19482 | Orc:2    | Reached skill level 5 in Evocations
 19647 | Orc:2    | Reached skill level 1 in Long Blades
 20035 | Orc:2    | Reached skill level 10 in Dodging
 20059 | Orc:2    | Reached skill level 17 in Unarmed Combat
 20101 | Orc:2    | Found Qoorghux's Distillery.
 20106 | Orc:2    | Found Letyd's Book Shop.
 20107 | Orc:2    | Found Gading's Magic Scroll Boutique.
 20264 | Orc:2    | Found a staircase to the Elven Halls.
 20761 | Orc:2    | Bought bronze fire dragon scales for 1820 gold pieces
 20771 | Orc:2    | Identified the cursed +0 fire dragon scales "Patiw" {rF++
                  | rC- rCorr Int+2 Dex+2} (You bought it in a shop on level 2
                  | of the Orcish Mines)
 21000 | D:13     | Noticed Josephine
 21042 | D:13     | Killed Josephine
 21152 | D:13     | Noticed Sonja
 21161 | D:13     | Killed Sonja
 21162 | D:13     | Reached XP level 15. HP: 99/140 MP: 10/14
 21200 | D:13     | Noticed Snorg
 21218 | D:13     | Killed Snorg
 21306 | D:13     | Found a frozen archway.
 21313 | IceCv    | Entered an ice cave
 21782 | IceCv    | Noticed a frost giant
 21807 | IceCv    | Killed a frost giant
 22249 | D:13     | Found a gate to the Vaults.
 22670 | D:13     | Noticed Erolcha
 22687 | D:13     | Killed Erolcha
 23043 | D:14     | Noticed Agnes
 23050 | D:14     | Killed Agnes
 23052 | D:14     | Found a hazy altar of Hepliaklqana.
 23349 | D:14     | Noticed Kirke
 23377 | D:14     | Killed Kirke
 24059 | D:11     | Identified a scroll of acquirement
 24062 | D:11     | Acquired a manual of Maces & Flails
 24169 | D:15     | Entered Level 15 of the Dungeon
 24182 | D:15     | Reached skill level 18 in Unarmed Combat
 24556 | D:15     | Found a sparkling altar of Nemelex Xobeh.
 24557 | D:15     | Found a shimmering altar of Xom.
 24557 | D:15     | Found an ornate altar of the Wu Jian Council.
 24570 | D:15     | Cast into level 3 of the Abyss (a wizard)
 24627 | D:15     | Escaped the Abyss
 24807 | D:15     | Found a staircase to the Depths.
 25028 | D:15     | Reached XP level 16. HP: 121/150 MP: 12/15
 25098 | D:15     | Reached skill level 5 in Maces & Flails
 25392 | D:15     | Noticed a sphinx
 25409 | D:15     | Killed a sphinx
 26073 | D:15     | Noticed a storm dragon
 26110 | D:15     | Killed a storm dragon
 26551 | D:12     | Got a heavily runed golden ring
 26553 | D:12     | Got a crystal spear
 26715 | Lair:2   | Got a fading short sword
 26820 | D:11     | Identified the +4 spear "Tupru" {vorpal, rC- Dex+4} (You
                  | found it on level 12 of the Dungeon)
 26821 | D:11     | Identified the cursed +1 short sword "Igrin" {vorpal, rN+}
                  | (You found it on level 2 of the Lair of Beasts)
 26827 | D:11     | Identified the ring of the Secret Hells {*Contam rF+ rN+
                  | Dex+4 Stlth+} (You found it on level 12 of the Dungeon)
 26841 | D:11     | Gained mutation: You tend to lose your temper in combat.
                  | [mutagenic glow]
 26997 | D:11     | Lost mutation: You tend to lose your temper in combat.
                  | [potion of mutation]
 26997 | D:11     | Gained mutation: You have a pair of small horns on your
                  | head. [potion of mutation]
 26997 | D:11     | Gained mutation: You are agile. (Dex +2) [potion of
                  | mutation]
 27097 | Swamp:1  | Entered Level 1 of the Swamp
 27285 | Swamp:1  | Reached skill level 19 in Unarmed Combat
 28122 | D:11     | Gained mutation: Your magical capacity is low. (-10% MP)
                  | [Ru sacrifice]
 28122 | D:11     | Reached ***** piety under Ru
 29177 | Swamp:3  | Reached XP level 17. HP: 123/161 MP: 9/14
 29251 | Swamp:3  | Noticed Bai Suzhen
 29267 | Swamp:3  | Killed Bai Suzhen
 29922 | Spider:1 | Entered Level 1 of the Spider Nest
 29960 | Spider:1 | Reached skill level 5 in Throwing
 31223 | Spider:2 | Paralysed by a hornet for 2 turns
 33082 | Spider:3 | HP: 8/161 [poisoned by a redback]
 33461 | Spider:3 | Reached skill level 10 in Shields
 34052 | Spider:3 | Noticed Jorgrun
 34060 | Spider:3 | Killed Jorgrun
 34993 | Elf:1    | Entered Level 1 of the Elven Halls
 35820 | Elf:1    | Reached skill level 20 in Unarmed Combat
 35832 | Elf:1    | Noticed an Ice Fiend
 35838 | Elf:1    | Noticed a Brimstone Fiend
 35844 | Elf:1    | Noticed an Ice Fiend
 35915 | Elf:1    | Reached XP level 18. HP: 119/171 MP: 15/15
 36293 | Elf:1    | Found a runed translucent gate.
 36293 | Elf:1    | Found a runed translucent gate.
 36293 | Elf:1    | Found a runed translucent gate.
 36293 | Elf:1    | Found a runed translucent gate.
 36293 | Elf:1    | Found a runed translucent gate.
 36294 | Elf:1    | Found a runed translucent gate.
 37226 | Elf:2    | Found Cirioneoxi's Antique Armour Shoppe.
 37277 | Elf:2    | Found a runed translucent gate.
 37277 | Elf:2    | Found a runed translucent gate.
 37278 | Elf:2    | Found a runed translucent gate.
 37772 | D:11     | Gained mutation: Your casting is slightly disrupted. [Ru
                  | sacrifice]
 37910 | Swamp:4  | Entered Level 4 of the Swamp
 38735 | Swamp:4  | Got a decaying rune of Zot
 39130 | Spider:4 | Entered Level 4 of the Spider Nest
 39865 | Spider:4 | Noticed Arachne
 40584 | Spider:4 | Identified the cursed -7 pair of gloves of Gus Gome {+Fly
                  | rElec MP+9 Stlth+}
 40584 | Spider:4 | Noticed Nikola
 40603 | Spider:4 | Killed Nikola
 41100 | Spider:4 | Killed Arachne
 41101 | Spider:4 | Reached XP level 19. HP: 82/179 MP: 9/16
 41184 | Spider:4 | Gained mutation: You are somewhat unskilled. (-1 Apt) [Ru
                  | sacrifice]
 41184 | Spider:4 | Reduced skill Throwing to level 5
 41184 | Spider:4 | Reduced skill Shields to level 10
 41184 | Spider:4 | Reduced skill Unarmed Combat to level 19
 41184 | Spider:4 | Reached ****** piety under Ru
 41752 | Spider:4 | Got a gossamer rune of Zot
 43174 | D:11     | Upgraded the game from 0.27-a0-109-g416527ed24 to
                  | 0.27-a0-124-g19cb506db8
 43241 | Vaults:1 | Entered Level 1 of the Vaults
 43940 | Vaults:1 | Reached skill level 20 in Unarmed Combat
 43969 | Vaults:1 | Found Jask's Gadget Shoppe.
 44292 | Vaults:1 | Got a faintly glowing hand axe
 44942 | D:11     | Identified the +4 hand axe of the Head {freeze, +Blink +Inv
                  | rC- Will-} (You found it on level 1 of the Vaults)
 44953 | D:11     | Acquired a +0 cloak of willpower
 46013 | Vaults:2 | Found a staircase to the Crypt.
 46013 | Vaults:2 | Found an ancient bone altar of Kikubaaqudgha.
 46014 | Vaults:2 | Found a basalt altar of Yredelemnul.
 46091 | Vaults:2 | Reached XP level 20. HP: 188/188 MP: 17/17
 46122 | Vaults:2 | Reached skill level 10 in Maces & Flails
 46984 | Vaults:3 | Noticed Mennas
 47019 | Vaults:3 | Killed Mennas
 48348 | Vaults:3 | Noticed Xtahua
 48362 | Vaults:3 | Killed Xtahua
 48941 | Vaults:4 | Reached skill level 21 in Unarmed Combat
 50189 | Elf:3    | Entered Level 3 of the Elven Halls
 50525 | Elf:3    | Reached XP level 21. HP: 181/197 MP: 16/17
 50947 | Elf:3    | Identified the +3 glaive "Vecovusch" {distort, rElec rF+++
                  | Str-2 Dex-3}
 51944 | Elf:3    | Identified the +2 robe "Suippopa" {rN+ Str+2}
 52310 | Elf:3    | Identified the +8 rapier "Cutog" {venom, rPois rN+++ Will-
                  | Str+4}
 52310 | Elf:3    | Identified the ring "Wemukol" {+Blink Int+6 Stlth+}
 52310 | Elf:3    | Identified the +7 spear of Purpose {antimagic, rPois rC+}
 52397 | Elf:3    | Identified the cursed +0 long sword "Lizuppy" {antimagic,
                  | rC+}
 52442 | Elf:3    | Identified the cursed +1 war axe "Igotoo Otul" {protect,
                  | +Rage}
 52619 | Elf:3    | Reached skill level 10 in Fighting
 53626 | Elf:3    | Identified the Guide on the Blaze and Envenoming
 53647 | Elf:3    | Identified the Volume of the Sunfish
 53650 | Elf:3    | Identified the Incunabulum of Weightlessness and the
                  | Volcanoes
 54481 | Depths:1 | Entered Level 1 of the Depths
 54493 | Depths:1 | Found a gateway to Hell.
 54613 | Depths:1 | Reached skill level 10 in Armour
 54717 | Depths:1 | Found a portal to a secret trove of treasure.
 54804 | Depths:1 | Found a one-way gate to the infinite horrors of the Abyss.
 55338 | Depths:1 | Reached skill level 22 in Unarmed Combat
 55470 | Depths:1 | Found a gateway to a ziggurat.
 56580 | Depths:1 | You paid a toll of +6 ice dragon scales to enter a treasure
                  | trove
 56581 | Trove    | Entered a treasure trove
 56592 | Trove    | Got a serpentine glass ring
 56626 | Trove    | Got a glittering garnet amulet
 56637 | Trove    | Got a warped bone ring
 56646 | Trove    | Got a warped turquoise ring
 56654 | Trove    | Got a slimy turquoise ring
 56921 | D:11     | Identified the amulet "Fiongaw" {Faith *Slow +Inv rN+
                  | Int+3} (You found it in a treasure trove)
 56932 | D:11     | Identified the ring "Vaxumibitt" {rC+ Int+6} (You found it
                  | in a treasure trove)
 56934 | D:11     | Identified the ring "Utzuonoa" {*Slow +Fly rPois Int+10
                  | Dex-4} (You found it in a treasure trove)
 56936 | D:11     | Identified the ring of Midnight {rF- rN+ Str+10} (You found
                  | it in a treasure trove)
 56938 | D:11     | Identified the ring of Wodwihi {Will+ Str+9 Dex-2 Stlth+}
                  | (You found it in a treasure trove)
 57570 | Depths:2 | Reached XP level 22. HP: 182/208 MP: 15/18
 58495 | Depths:2 | Noticed a golden dragon
 58503 | Depths:2 | Killed a golden dragon
 58707 | Depths:2 | Noticed a golden dragon
 58714 | Depths:2 | Killed a golden dragon
 58859 | Depths:2 | Identified the +2 robe of Sunlight {rN+ Stlth+}
 60820 | Orc:2    | Bought a scroll of enchant armour for 90 gold pieces
 61453 | Depths:3 | Noticed Aizul
 61482 | Depths:3 | Killed Aizul
 61673 | Depths:3 | Reached skill level 23 in Unarmed Combat
 61673 | Depths:3 | Noticed a juggernaut
 61692 | Depths:3 | Killed a juggernaut
 61892 | Depths:2 | Reached XP level 23. HP: 158/217 MP: 19/19
 62587 | Depths:3 | Found a runed translucent door.
 62588 | Depths:3 | Noticed Waobruonn's ghost (veteran TrDe)
 63028 | Depths:3 | Found a one-way gate leading to the halls of Pandemonium.
 63130 | Depths:3 | Killed Waobruonn's ghost
 63181 | Depths:3 | Found a runed translucent door.
 63182 | Depths:3 | Noticed Raitaz's ghost (journeyman MiBe)
 63234 | Depths:3 | Killed Raitaz's ghost
 63344 | Depths:3 | Found a runed translucent door.
 63347 | Depths:3 | Noticed Ifebehot's ghost (adept DDFi)
 63383 | Depths:3 | Killed Ifebehot's ghost
 63655 | Depths:4 | Noticed Margery
 63667 | Depths:4 | Killed Margery
 65234 | Crypt:1  | Entered Level 1 of the Crypt
 65934 | Crypt:1  | Got an ancient lapis lazuli ring
 65957 | Crypt:1  | Identified the ring "Omeidil" {rElec rF- rC- rCorr Dex+6}
                  | (You found it on level 1 of the Crypt)
 66252 | Crypt:2  | Reached skill level 24 in Unarmed Combat
 66550 | Crypt:2  | Found a runed translucent door.
 66556 | Crypt:2  | Noticed Aptu's ghost (adept GrFi)
 66576 | Crypt:2  | Killed Aptu's ghost
 67479 | Crypt:3  | Entered Level 3 of the Crypt
 67877 | Crypt:3  | Noticed Mara
 67889 | Crypt:3  | Noticed bmj180's illusion
 67898 | Crypt:3  | Killed Mara
 67903 | Crypt:3  | Found a staircase to the Tomb.
 68098 | Crypt:3  | Reached XP level 24. HP: 96/219 MP: 19/19
 68261 | Crypt:3  | Found a basalt altar of Yredelemnul.
 68454 | Crypt:3  | Got a slimy garnet amulet
 68454 | Crypt:3  | Got a clouded marble ring
 69209 | D:11     | Identified the amulet of Zeviel {rPois Regen+ MP+9} (You
                  | found it on level 3 of the Crypt)
 69220 | D:11     | Identified the ring of Acveirenk {rF+ rN+ Int+2} (You found
                  | it on level 3 of the Crypt)
 69247 | D:11     | Gained mutation: You are weak. (Str -2) [mutagenic glow]
 69631 | Depths:5 | Entered Level 5 of the Depths
 70600 | Depths:5 | Noticed a juggernaut
 70613 | Depths:5 | Killed a juggernaut
 70837 | Depths:5 | Reached skill level 25 in Unarmed Combat
 71289 | Depths:5 | Found a gate to the Realm of Zot.
 71734 | Orc:2    | Bought the +0 mask of the Dragon {Will+ Slay+3 SInv} for
                  | 935 gold pieces
 71734 | Orc:2    | Found the +0 mask of the Dragon {Will+ Slay+3 SInv}
 71972 | Vaults:5 | Entered Level 5 of the Vaults
 72113 | Vaults:5 | Reached XP level 25. HP: 234/237 MP: 19/19
 72447 | Vaults:5 | Identified the ring "Xesacw" {*Slow rElec rC++ rN+ Str-2}
 72471 | Vaults:5 | Noticed an ancient lich
 72712 | Vaults:5 | Identified the +2 robe "Pymuasud" {Slay+2 Stlth+} (You
                  | found it on level 5 of the Vaults)
 72850 | Vaults:5 | Killed an ancient lich
 72924 | Vaults:5 | Noticed an ancient lich
 72936 | Vaults:5 | Killed an ancient lich
 72963 | Vaults:5 | Reached skill level 26 in Unarmed Combat
 73082 | Vaults:5 | Identified the Handbook of Damaging Toxins
 73163 | Vaults:5 | Found the +7 Spriggan's Knife {stab, EV+4 Stlth+}
 73344 | Vaults:5 | Identified the ring of Qilif {Fire *Drain rPois Str+7
                  | Dex+2}
 73600 | Vaults:5 | Got a vibrating lapis lazuli ring
 73603 | Vaults:5 | Identified the cursed ring "Atwolom" {*Contam rPois rC+++
                  | AC-4 Dex-2} (You found it on level 5 of the Vaults)
 73814 | Vaults:5 | Got a silver rune of Zot
 74089 | Vaults:5 | Identified the +4 scale mail "Vogiddyd" {Int+5}
 74803 | Zot:1    | Entered Level 1 of the Realm of Zot
 76159 | Zot:1    | Reached XP level 26. HP: 231/234 MP: 19/19
 76701 | Zot:1    | Got a faintly glowing silver ring
 76901 | Zot:1    | Identified the ring "Pest" {rN+ AC+4} (You found it on
                  | level 1 of the Realm of Zot)
 77013 | Zot:2    | Identified the +4 dragonskin cloak
 77013 | Zot:2    | Noticed Tiamat
 77194 | Zot:1    | Killed Tiamat
 77845 | Zot:2    | Reached skill level 27 in Unarmed Combat
 78243 | Zot:2    | Reached skill level 15 in Shields
 80601 | Zot:3    | Found a runed translucent gate.
 80602 | Zot:3    | Found a runed translucent gate.
 80603 | Zot:3    | Found a runed translucent gate.
 80605 | Zot:3    | Noticed Kafrud's ghost (legendary TrBe)
 80615 | Zot:3    | Noticed an orb of fire
 80620 | Zot:3    | Gained mutation: You are frail. (-10% HP) [an orb of fire]
 80625 | Zot:3    | Killed an orb of fire
 80655 | Zot:3    | Killed Kafrud's ghost
 81021 | Zot:3    | Reached XP level 27. HP: 232/232 MP: 19/19
 83001 | D:11     | Acquired the ring of Necycox {*Contam rF+ rC+ Will+ Int+2}
 83408 | Zot:5    | Entered Level 5 of the Realm of Zot
 84358 | Zot:5    | Noticed an ancient lich
 84370 | Zot:5    | Killed an ancient lich
 84371 | Zot:5    | Reached skill level 15 in Armour
 84863 | Zot:5    | Noticed an orb of fire
 84863 | Zot:5    | Noticed an ancient lich
 84866 | Zot:5    | Gained mutation: You have large cloven feet. [an orb of
                  | fire]
 84870 | Zot:5    | Killed an orb of fire
 84877 | Zot:5    | Killed an ancient lich
 84893 | Zot:5    | Noticed an orb of fire
 84896 | Zot:5    | Noticed an orb of fire
 84935 | Zot:5    | Gained mutation: Scrolls take you a little longer to read.
                  | [an orb of fire]
 85153 | Zot:5    | Killed an orb of fire
 85296 | Zot:5    | Noticed an ancient lich
 85305 | Zot:5    | Killed an ancient lich
 86316 | Zot:5    | Got the Orb of Zot
 86757 | D:14     | Noticed Addauh the pandemonium lord
 86763 | D:14     | Killed Addauh the pandemonium lord
 87050 | D:4      | Noticed Zuohatunn the pandemonium lord
 87114 | D:$      | Escaped with the Orb!

Illustrated notes

Levels and vault maps discovered:
D:1:      dpeg_chamrin_arrival_tetris, layout_rooms, kennysheep_doodads,
          minmay_misc_feat_five
D:2:      layout_basic, nicolae_overflow_hidden_temple,
          nemelex_lonely_heart_becter
D:3:      layout_basic, doesnt_xom_only_xom
D:4:      kennysheep_kobold_camp, layout_basic, kennysheep_mini,
          overflow_temple_1_default, minmay_temple_entry_fiery,
          chequers_arboretum, uniq_pikel
D:5:      layout_loops_cross, dancing_weapons_uskayaw
D:6:      layout_basic, nemelex_xobeh_ov_fountains_minmay, serial_shops, shop
D:7:      layout_basic, kennysheep_little_box, nrook_pool_corridor, uniq_joseph
D:8:      layout_rooms, basic_altar
D:9:      layout_cave_pools, lemuel_mausoleum_altar_yredelemnul, enter_bailey_1,
          uniq_grum
D:10:     layout_basic, lair_entry_dummy, david_defended_altar_orc
D:11:     layout_big_octagon, uniq_nergalle
D:12:     minmay_stepped, layout_irregular_city, minmay_st_funbox, minivault_1,
          chequers_mini_garden, grunt_ministairs_10, nicolae_benzene_ring
D:13:     layout_loops_cross, lightli_vaults_fourway_checkpoint,
          portal_ice_cave_entry_pillars_1, uniq_sonja, uniq_josephine,
          uniq_erolcha, uniq_snorg
D:14:     layout_loops_ring, basic_altar, nrook_mini_backslash, minivault_15,
          uniq_kirke, uniq_agnes
D:15:     hangedman_slaughterboxes
Temple:   eino_temple_lava
Lair:1:   layout_cave_pods, dpeg_stationary_puzzle, uniq_prince_ribbit2
Lair:2:   layout_long_grid, skrybe_swamp_entry_bodies, serial_bayou_lagoon_a,
          nzn_sisyphean_effort, grunt_megastairs_4
Lair:3:   layout_chaotic_city, spider_nest_entry_rubble
Lair:4:   layout_concentric_octagons, st_stairs_3,
          chequers_serial_rivers_large_b
Lair:5:   layout_cave_pods
Lair:6:   gammafunk_lair_ancient_temple, layout_long_grid,
          dpeg_slime_entry_enclosed_altar
Swamp:1:  layout_basic_swamp, evilmike_swamp_ruin_house_3,
          nicolae_swamp_little_tower, infiniplex_staircase_pool_2
Swamp:2:  layout_basic_swamp, serial_swamp_ruin, evilmike_swamp_ruin_house_6,
          evilmike_swamp_ruin_wall, evilmike_swamp_ruin_house_1, swamp_pool4
Swamp:3:  layout_basic_swamp, evilmike_swamp_ruin_house_5,
          infiniplex_staircase_pool, uniq_bai_suzhen
Swamp:4:  swamp_fiery, layout_basic_swamp
Spider:1: layout_spider_delve, nicolae_spider_ant_collections
Spider:2: layout_spider_delve, nicolae_orb_island
Spider:3: layout_chambers, special_room [special_room_bee],
          nicolae_spider_cling_halls, uniq_jorgrun
Spider:4: johnstein_spider_rune_arachne_lair, uniq_nikola
Orc:1:    layout_caves
Orc:2:    st_orc_open, layout_diamond_mine, basic_altar
Elf:1:    minmay_elf_arrival_circle, layout_geoelf_diagonals, orc_legates
Elf:2:    layout_gridlike, serial_shops,
          nicolae_shop_temple_entry_statues_fountains
Elf:3:    minmay_elf_hall_quartered_circle, layout_gridlike
Vaults:1: vaults_dpeg_hooks, vaults_room_grunt_arrival_ludios,
          vaults_room_mumra_shop_pool, v_misc_17, vaults_room_grid,
          vaults_dpeg_ring, ontoclasm_vaults_idyll, v_misc_24, v_rooms_5,
          vaults_mumra_hexcomb, ontoclasm_vaults_loading_screen,
          vaults_standard_mumra_x, dpeg_vaults_monster_row,
          layout_vaults_chaotic_city, serial_glass
Vaults:2: minmay_crypt_entry_necro_gods, vaults_mumra_minichess,
          nicolae_vaults_angled_halls, hangedman_vaults_river_flow, v_misc_13,
          grunt_vaults_twisty, v_misc_5, ontoclasm_vaults_chip,
          layout_vaults_omnicross
Vaults:3: nicolae_vaults_puzzle_piece, nicolae_vaults_network_square,
          nicolae_vaults_big_angled_halls, nicolae_vaults_hallways_thing,
          v_misc_5, nicolae_vaults_network_star,
          ontoclasm_vaults_loading_screen, vaults_room_pool,
          nicolae_vaults_border_crossing, layout_vaults_omnigrid, uniq_mennas,
          uniq_xtahua
Vaults:4: st_smaller_cells, v_alt_pattern_1, v_misc_24, v_misc_25, v_pattern_2,
          v_misc_27, nicolae_vaults_mini_display_case, v_misc_18,
          vaults_dpeg_diagonal, nicolae_vaults_gold_heap, ontoclasm_vaults_eye,
          layout_vaults_ring
Vaults:5: serial_shops
Crypt:1:  layout_gridlike, lemuel_freeze_loot_1
Crypt:2:  layout_misc_corridors, ebering_ghost_reflecting_pool
Crypt:3:  church_of_pain_bobbens, layout_chaotic_city, uniq_mara
Depths:1: layout_honeycomb, enter_ziggurat_b, hangedman_decor_opposing,
          hell_entry, abyss_entry, enter_trove_0, nicolae_two_hexagons,
          minmay_holes, kennysheep_generic_room_13
Depths:2: hangedman_grunt_twisty_little_passages, layout_gridlike,
          hangedman_tar_grid_catacomb
Depths:3: kennysheep_big_flooded_room, layout_long_grid, grunt_pan_entry_spiral,
          muffindrake_ghost_three_little_ghosts, hell_entry, uniq_aizul
Depths:4: minmay_skeletal_surprise, layout_cave_pools, lightli_too_deep,
          nicolae_twisting_strands, abyss_entry, minmay_metal_thing,
          uniq_margery
Depths:5: grunt_zot_entry_pinwheel, layout_cave_pools, pf_coc_iceberg,
          abyss_entry_glasseish, serial_bayou_shore_a
Zot:1:    layout_cellular_growth, st_large_dragon_hoard_1
Zot:2:    layout_gridlike, grunt_megastairs_3, uniq_tiamat
Zot:3:    layout_cathedral_of_symmetry, ebering_ghost_rock_garden
Zot:4:    layout_cellular_growth
Zot:5:    layout_cathedral_of_symmetry

Skill      XL: |  1  2  3  4  5  6  7  8  9 10 11 12 13 14 15 16 17 18 19 20 21 22 23 24 25 26 27 |
---------------+----------------------------------------------------------------------------------+-----
Unarmed Combat | 4 6 7 9 11 12 13 15 16 17 18 19 20 20 21 22 23 24 25 26 27 | 27.0
Dodging        | 3 4 5 6 8 9 10 11 12 12 13 | 13.8
Armour         | 1 2 3 4 5 6 7 8 9 9 10 11 12 13 16 | 16.7
Fighting       | 3 4 5 6 7 8 9 9 10 11 12 13 | 13.6
Stealth        | 0 |  0.0
Shields        | 1 2 3 4 5 6 7 8 9 10 11 11 12 13 14 15 17 | 17.2
Evocations     | 1 2 3 4 5 6 7 8 9 |  9.0
Maces & Flails | 2 3 4 6 8 9 10 11 | 11.9
Throwing       | 2 3 4 5 6 5 |  5.4
Axes           | 1 |  1.3
Long Blades    | 2 |  2.4

Action                   |  1- 3 |  4- 6 |  7- 9 | 10-12 | 13-15 | 16-18 | 19-21 | 22-24 | 25-27 || total
-------------------------+-------+-------+-------+-------+-------+-------+-------+-------+-------++-------
Melee: Unarmed           |   102 |   114 |   315 |   811 |  1455 |  1667 |  1767 |  1857 |  1523 ||  9611
       Punch             |     1 |     1 |     9 |    48 |       |       |       |       |       ||    59
       Hand axe          |       |       |       |     9 |    20 |       |       |       |       ||    29
       Double sword      |       |       |       |       |    18 |    37 |       |       |       ||    55
       Headbutt          |       |       |       |       |       |   424 |   573 |   654 |   575 ||  2226
       Kick              |       |       |       |       |       |       |       |       |   109 ||   109
Throw: Large rock        |       |       |       |       |     2 |       |       |       |     3 ||     5
Invok: Sacrifice Stealth |       |     1 |       |       |       |       |       |       |       ||     1
       Sacrifice Love    |       |       |     1 |       |       |       |       |       |       ||     1
       Sacrifice Arcana  |       |       |       |     1 |       |       |       |       |       ||     1
       Reject Sacrifices |       |       |       |     1 |     2 |     1 |       |       |       ||     4
       Sacrifice Essence |       |       |       |       |     1 |     2 |       |       |       ||     3
       Power Leap        |       |       |       |       |     1 |     3 |       |       |       ||     4
       Sacrifice Skill   |       |       |       |       |       |       |     1 |       |       ||     1
       Apocalypse        |       |       |       |       |       |       |       |     2 |     3 ||     5
 Abil: Evoke Berserk Rag |       |       |       |       |     4 |    10 |       |       |       ||    14
       Evoke Flight      |       |       |       |       |       |     2 |       |     1 |       ||     3
Evoke: Wand              |       |       |       |     3 |     1 |     2 |       |       |     4 ||    10
  Use: Scroll            |       |       |       |    19 |    16 |    14 |    13 |     5 |    12 ||    79
       Potion            |       |       |       |       |     1 |     4 |       |     3 |     4 ||    12
 Stab: Sleeping          |     6 |     1 |       |       |       |       |       |       |       ||     7
       Invisible         |       |       |     4 |     7 |     7 |     9 |    19 |    11 |    12 ||    69
       Distracted        |       |       |       |     1 |     4 |    10 |     3 |    11 |     8 ||    37
       Paralysed         |       |       |       |       |     4 |       |    15 |     6 |     5 ||    30
Armor: Robe              |    39 |    31 |    65 |    48 |       |       |       |       |       ||   183
       Steam dragon scal |       |       |       |   230 |   241 |       |       |       |       ||   471
       Fire dragon scale |       |       |       |       |    61 |   404 |   233 |   105 |       ||   803
       Gold dragon scale |       |       |       |       |       |       |       |   411 |   446 ||   857
Dodge: Dodged            |    50 |    65 |   196 |   510 |   561 |   920 |   605 |   382 |   304 ||  3593
Block: Kite shield       |       |       |       |    56 |   911 |  1194 |   877 |   904 |   675 ||  4617
       Reflection        |       |       |       |       |    19 |    52 |    57 |       |       ||   128
       Rpst.: Double sword |       |       |       |       |       |     4 |       |       |       ||     4

Table legend: (Time is in decaauts)
 A = Elapsed time spent in this place.
 B = Non-inter-level travel time spent in this place.
 C = Inter-level travel time spent in this place.
 D = Time resting spent in this place.
 E = Time spent auto-exploring this place.
 F = Levels seen in this place.
 G = Mean time per level.
                   A        B        C        D        E       F      G
               +--------+--------+--------+--------+--------+-----+--------+
         Total |  84505 |  70451 |  14054 |  16012 |  28898 |  57 | 1482.5 |
       Dungeon |  22903 |  16984 |   5919 |   3362 |   7583 |  15 | 1526.9 |
        Temple |    107 |     93 |     14 |      0 |     56 |   1 |  107.0 |
          Lair |   7842 |   5801 |   2041 |    506 |   3665 |   6 | 1307.0 |
         Swamp |   3455 |   3101 |    354 |    243 |   1833 |   4 |  863.8 |
   Spider Nest |   7048 |   6409 |    639 |   2044 |   2244 |   4 | 1762.0 |
  Orcish Mines |   2729 |   1747 |    982 |    356 |    735 |   2 | 1364.5 |
   Elven Halls |   6178 |   5406 |    772 |   1517 |   1456 |   3 | 2059.3 |
        Vaults |   8831 |   7794 |   1037 |   1176 |   3966 |   5 | 1766.2 |
         Crypt |   3338 |   3137 |    201 |    262 |   1634 |   3 | 1112.7 |
        Depths |  12185 |  10401 |   1784 |   3673 |   3603 |   5 | 2437.0 |
           Zot |   8520 |   8213 |    307 |   2476 |   1880 |   5 | 1704.0 |
         Abyss |     48 |     48 |      0 |      0 |      0 |   1 |   48.0 |
         Trove |     83 |     83 |      0 |      0 |      0 |   1 |   83.0 |
        Bailey |    672 |    672 |      0 |    298 |     59 |   1 |  672.0 |
      Ice Cave |    560 |    560 |      0 |     98 |    182 |   1 |  560.0 |
               +--------+--------+--------+--------+--------+-----+--------+

Top non-repeatable levels by time:
    D:11: 4582 daAuts
Depths:2: 4159 daAuts
    D:15: 3886 daAuts
Depths:5: 2786 daAuts
   Elf:3: 2516 daAuts
   Zot:5: 2492 daAuts
Spider:3: 2327 daAuts
Vaults:1: 2286 daAuts
Depths:1: 2238 daAuts
Spider:4: 2173 daAuts
   Orc:2: 2075 daAuts
Vaults:5: 2062 daAuts
   Elf:1: 2032 daAuts
  Lair:1: 1973 daAuts
    D:12: 1929 daAuts
